 Dungeon Crawl Stone Soup version 0.21-a0-442-g848f44b (webtiles) character file.

2 slep the Twirler (level 1, -2/13 HPs)
             Began as a Demonspawn Wanderer on Nov 14, 2017.
             Killed from afar by a dart slug (7 damage)
             ... with a slug dart
             ... on level 1 of the Dungeon.
             The game lasted 00:00:52 (76 turns).

slep the Twirler (Demonspawn Wanderer)                Turns: 76, Time: 00:00:53

Health: -2/13      AC:  3    Str: 10    XL:     1   Next: 33%
Magic:  2/2        EV: 12    Int: 14    God:
Gold:   0          SH:  0    Dex: 13    Spells: 2/2 levels left

rFire    . . .     SeeInvis .   e - +0 dagger
rCold    . . .     Gourm    .   (no shield)
rNeg     . . .     Faith    .   d - +0 robe
rPois    .         Spirit   .   (no helmet)
rElec    .         Reflect  .   (no cloak)
rCorr    .         Harm     .   g - +0 pair of gloves
MR       .....                  (no boots)
Stlth    ++........             (no amulet)
HPRegen  0.04/turn              (no ring)
MPRegen  0.08/turn              (no ring)

@: no status effects
A: no striking features
a: no special abilities


You were on level 1 of the Dungeon.
You were not hungry.

You visited 1 branch of the dungeon, and saw 1 of its levels.

Inventory:

Hand Weapons
 e - a +0 dagger (weapon)
Missiles
 h - 19 stones (quivered)
Armour
 d - a +0 robe (worn)
 g - a +0 pair of gloves (worn)
Wands
 c - a wand of random effects (15/48)
Scrolls
 i - a scroll of immolation {unknown}
 j - a scroll of identify {unknown}
Books
 a - a book of Geomancy

   Spells                             Type                      Level
   a - Sandblast                      Earth                        1
   b - Passwall                       Transmutation/Earth          2
   c - Stone Arrow                    Conjuration/Earth            3
   d - Petrify                        Transmutation/Earth          4
   e - Lee's Rapid Deconstruction     Earth                        5
 b - the Catalogue of Flames

   Spells                             Type                      Level
   a - Flame Tongue                   Conjuration/Fire             1
   b - Ignite Poison                  Fire/Transmutation/Poison    3
Comestibles
 f - a bread ration


   Skills:
   Level 2.6 Staves
 + Level 2.0 Dodging
 + Level 1.0 Stealth
 + Level 1.0 Spellcasting
   Level 1.7 Transmutations
 + Level 1.0 Evocations


You had 2 spell levels left.
You didn't know any spells.

Dungeon Overview and Level Annotations

Branches:
Dungeon (1/15)

Altars:


Message History

You hit the frilled lizard.
You kill the frilled lizard!
You hit the goblin.
The goblin is heavily wounded.
The goblin hits you.
You hit the goblin.
You kill the goblin!
Your Dodging skill increases to level 2!
The dart slug launches a dart at you. The slug dart hits you!
You hit the dart slug but do no damage. You hit the dart slug.
The dart slug is lightly wounded.
The dart slug bites you but does no damage.
You barely miss the dart slug.
The dart slug is lightly wounded.
The dart slug launches a dart at you. The slug dart hits you!
Ouch! That really hurt!
You die...

........# ........#
........# ..$.....#
#####+#.# # #l#######
#.#.....w.. ######
#.#.##########
###....###....w@......#
##........###.########.#
#..........##.#
............#.#
............#.#
....####......# ..###
###....# .## ####.#
..### ###.<#.#


You could see a dart slug.

Vanquished Creatures
  A goblin (D:1)
  A bat (D:1)
  A frilled lizard (D:1)
3 creatures vanquished.

Notes
Turn   | Place    | Note
-------+----------+-------------------------------------------
     0 | D:1      | slep the Demonspawn Wanderer began the quest for the Orb.
     0 | D:1      | slep set off with: a book of Geomancy, the Catalogue of Flames, a wand of random effects (15/48), a +0 robe, a +0 dagger, a bread ration
     0 | D:1      | Reached XP level 1. HP: 13/13 MP: 2/2
    76 | D:1      | Killed from afar by a dart slug

Vault maps used:
D:1:      minmay_arrival_loop

Skill      XL: |  1 |
---------------+----+-----
Dodging        | 2 |  2.0
Staves         | |  2.6
Stealth        | |  1.0
Spellcasting   | |  1.0
Transmutations | |  1.7
Evocations     | |  1.0

Action                   || total
-------------------------++-------
Melee: Dagger            ||    12
Armor: Robe              ||     5
Dodge: Dodged            ||    11

Table legend:
 A = Spawn XP
 B = Non-spawn XP
 C = Spawn XP percentage of total XP
 D = Spawn monster count
 E = Non-spawn monster count
 F = Spawn count percentage of total count
 G = Total turns spent on level
                    A         B        C        D         E        F      G
               +---------+---------+-------+---------+---------+-------+---------
         Total |       0 |       4 |   0.0 |       0 |       3 |   0.0 |    76
               +---------+---------+-------+---------+---------+-------+---------
           D:1 |       0 |       4 |   0.0 |       0 |       3 |   0.0 |    76
               +---------+---------+-------+---------+---------+-------+---------
